 Dungeon Crawl Stone Soup version 0.27-a0-1312-g5cdb2b3542 (webtiles) character file.

Game seed: 9394817187736527061

1131 Conn the Firebug (level 8, 0/48 HPs)
             Began as an Octopode Fire Elementalist on June 19, 2021.
             Killed from afar by an orc (12 damage)
             ... with a puff of flame
             ... on level 5 of the Dungeon.
             The game lasted 00:17:16 (5675 turns).

Conn the Firebug (Octopode Fire Elementalist)       Turns: 5675, Time: 00:17:17

Health: 0/48       AC:  1    Str:  8    XL:     8   Next: 36%
Magic:  4/14       EV: 13    Int: 19    God:
Gold:   49         SH:  0    Dex: 12    Spells: 4/15 levels left

rFire    . . .     SeeInvis .   b - staff of conjuration
rCold    . . .     Faith    .   (no shield)
rNeg     . . .     Spirit   .   (helmet restricted)
rPois    .         Reflect  .   (no amulet)
rElec    .         Harm     .   (no ring)
rCorr    .         Rampage  .   (no ring)
Will     .....                  (no ring)
Stlth    +++.......             (no ring)
HPRegen  0.16/turn              (no ring)
MPRegen  0.14/turn              (no ring)
                                (no ring)
                                (no ring)

@: no status effects
A: almost no armour, amphibious, 8 rings, camouflage 1, gelatinous body 1,
(nimble swimmer 1), tentacles
a: no special abilities


You were on level 5 of the Dungeon.
You visited 1 branch of the dungeon, and saw 5 of its levels.

You collected 169 gold pieces.
You spent 120 gold pieces at shops.

Inventory:

Hand Weapons
 a - a +0 short sword
Missiles
 j - 34 poisoned darts (quivered)
Armour
 i - a +0 buckler
Magical Staves
 b - a staff of conjuration (weapon)
Wands
 g - a wand of acid (9)
 r - a wand of polymorph (6)
Scrolls
 d - a scroll of blinking
 n - a scroll of magic mapping
 p - a scroll of teleportation
 q - a scroll of fear
 s - a scroll of identify {unknown}
 t - a scroll of enchant armour {unknown}
 v - a scroll of fog
Potions
 c - a potion of curing
 e - a potion of flight
 f - a potion of magic {unknown}
 h - 2 potions of brilliance {unknown}
 l - a potion of invisibility {unknown}
 o - a potion of attraction
 u - a potion of heal wounds {unknown}


   Skills:
 + Level 1.3 Fighting
 + Level 1.0 Staves
 + Level 1.0 Throwing
 + Level 2.4 Dodging
 + Level 4.2 Stealth
 + Level 4.4 Spellcasting
 * Level 4.9 Conjurations
 * Level 6.5 Fire Magic


You had 4 spell levels left.
You knew the following spells:

 Your Spells              Type           Power      Damage    Failure   Level
a - Foxfire               Conj/Fire      100%       2x1d9     1%          1
b - Conjure Flame         Conj/Fire      39%        6-21      3%          3
c - Inner Flame           Hex/Fire       16%        N/A       11%         3
d - Sticky Flame          Conj/Fire      39%        2d6       12%         4

Your spell library contained the following spells:

 Spells                   Type           Power      Damage    Failure   Level
 Confusing Touch          Hex            4%         N/A       36%         3
 Gell's Gravitas          Tloc           2%         N/A       36%         3
 Petrify                  Tmut/Erth      4%         N/A       78%         4
 Fireball                 Conj/Fire      19%        3d9       34%         5
 Metabolic Englaciation   Hex/Ice        2%         N/A       98%         5
 Yara's Violent Unravell  Hex/Tmut       2%         3d3       98%         5


Dungeon Overview and Level Annotations

Branches:
Dungeon (5/15)
 Temple: D:4-7

Altars:
Gozag
Hepliaklqana
Kikubaaqudgha
Okawaru

Shops:
D:3 ?

Annotations:
D:4 Zero's ghost, amateur SpAE


Innate Abilities, Weirdness & Mutations

You cannot wear most types of armour.
You are amphibious.
You can wear up to eight rings at the same time.
Your skin changes colour to match your surroundings (Stealth+).
Your rubbery body absorbs attacks. (AC +1, EV +1)
((You are camouflaged near water. (Stealth+)))
You have tentacles for arms and can constrict up to eight enemies at once.


Message History

Aiming: Sticky Flame (quite dangerous; 14% risk of failure)
Press: ? - help, Shift-Dir - straight line, f - Menkaure
Aim: Menkaure (100% to hit)
You feel a surge of power!
The sticky flame hits Menkaure.
Menkaure is burned terribly!
Menkaure is moderately damaged.
Menkaure is covered in liquid flames!
You constrict the bullfrog zombie.
Menkaure burns!
The bullfrog zombie closely misses you. Menkaure closely misses you.
You hit Menkaure. Your grab misses Menkaure.
Menkaure is severely damaged.
You constrict the bullfrog zombie.
Menkaure burns! x2
The bullfrog zombie barely misses you. The orc hits you with a +0 falchion.
The bullfrog zombie closely misses you. Menkaure hits you!!
Unknown command.
You hit Menkaure.
You destroy Menkaure!
You constrict the bullfrog zombie. The bullfrog zombie misses you.
The orc hits you with a +0 falchion.
Your Staves skill increases to level 1!
Your Throwing skill increases to level 1!
Unknown command.
Casting: Sticky Flame (quite dangerous; 12% risk of failure)
Confirm with . or Enter, or press ? or * to list all spells.
The spell is quite dangerous to cast (12% risk of failure)!
Continue anyway?
Aiming: Sticky Flame (quite dangerous; 12% risk of failure)
Press: ? - help, Shift-Dir - straight line, f - bullfrog zombie
Aim: a bullfrog zombie (moderately damaged, constricted by you, 100% to hit)
You feel a surge of power!
The sticky flame hits the bullfrog zombie.
The bullfrog zombie is heavily damaged.
The bullfrog zombie is covered in liquid flames!
You constrict the bullfrog zombie.
The bullfrog zombie burns!
The bullfrog zombie hits you. The orc barely misses you.
The bullfrog zombie hits you.
* * * LOW HITPOINT WARNING * * *
You hit the orc but do no damage. You grab the orc. You constrict the orc.
You constrict the bullfrog zombie.
The bullfrog zombie burns!
The orc zaps a wand.
The puff of flame hits you!
You die...

###### #....^######
#..........#
#...)o.....#
#....Z@....##
.............#
..########.#.#########
#.#.......>.###
#?########..#.. #.#
#..... #.# #.#... ...
#.#... .) #.##.#


You could see an orc and a bullfrog zombie (burning).

Vanquished Creatures
  Sigmund (D:3)
  Menkaure (D:5)
  A black bear (D:5)
  A necrophage (D:4)
  2 ogres
  A scorpion (D:5)
  2 hounds
  A jelly (D:5)
  Crazy Yiuf (D:3)
  An orc priest (D:3)
  A bullfrog skeleton (D:4)
  Jessica (D:3)
  An iguana (D:4)
  11 gnolls (D:4)
  5 adders
  5 orcs (D:3)
  4 endoplasms
  4 giant cockroaches
  6 hobgoblins
  3 jackals (D:3)
  8 kobolds
  2 quokkas
  4 ball pythons
  7 bats
  7 frilled lizards
  4 goblins
  4 rats
89 creatures vanquished.

Vanquished Creatures (collateral kills)
  3 foxfires (D:3)
3 creatures vanquished.

Vanquished Creatures (others)
  374 foxfires
374 creatures vanquished.

Grand Total: 466 creatures vanquished

Notes
Turn   | Place    | Note
-------+----------+-------------------------------------------
     0 | D:1      | Conn the Octopode Fire Elementalist began the quest for the
                  | Orb.
     0 | D:1      | Reached XP level 1. HP: 11/11 MP: 3/3
   303 | D:1      | Reached XP level 2. HP: 17/17 MP: 3/5
   702 | D:1      | Reached XP level 3. HP: 21/21 MP: 1/6
   826 | D:2      | Learned a level 3 spell: Conjure Flame
   915 | D:2      | You fall into a shaft and drop 1 floor!
  1246 | D:2      | Found a hazy altar of Hepliaklqana.
  1991 | D:3      | Noticed Sigmund
  1995 | D:3      | Reached XP level 4. HP: 27/27 MP: 3/7
  2067 | D:3      | Reached skill level 4 in Fire Magic
  2127 | D:3      | Learned a level 3 spell: Inner Flame
  2249 | D:3      | Noticed Jessica
  2256 | D:3      | Killed Jessica
  2257 | D:3      | Reached XP level 5. HP: 31/31 MP: 2/9
  2270 | D:3      | Found a faded altar of an unknown god.
  2380 | D:3      | Found an iron altar of Okawaru.
  2384 | D:3      | Found an opulent altar of Gozag.
  2423 | D:3      | Found Zerhopnev's Magic Scroll Boutique.
  2431 | D:3      | Bought a scroll of fear for 38 gold pieces
  2521 | D:3      | Killed Sigmund
  2522 | D:3      | Reached skill level 5 in Fire Magic
  2522 | D:3      | Reached XP level 6. HP: 36/36 MP: 1/10
  2747 | D:3      | Found a runed translucent door.
  2748 | D:3      | Noticed Crazy Yiuf
  2772 | D:3      | Killed Crazy Yiuf
  3067 | D:4      | Noticed a necrophage
  3106 | D:4      | Killed a necrophage
  3107 | D:4      | Reached XP level 7. HP: 30/41 MP: 7/12
  3462 | D:4      | Found an ancient bone altar of Kikubaaqudgha.
  3565 | D:3      | Bought a scroll of blinking for 82 gold pieces
  3620 | D:4      | Reached skill level 1 in Fighting
  4102 | D:4      | Learned a level 4 spell: Sticky Flame
  4352 | D:4      | Found a runed translucent door.
  5064 | D:4      | Noticed Zero's ghost (amateur SpAE)
  5329 | D:5      | Entered Level 5 of the Dungeon
  5366 | D:5      | Noticed a two-headed ogre
  5414 | D:5      | Reached skill level 6 in Fire Magic
  5491 | D:5      | Reached XP level 8. HP: 33/48 MP: 3/14
  5664 | D:5      | Noticed Menkaure
  5673 | D:5      | Killed Menkaure
  5674 | D:5      | Reached skill level 1 in Staves
  5674 | D:5      | Reached skill level 1 in Throwing
  5675 | D:5      | Killed from afar by an orc

Illustrated notes

Levels and vault maps discovered:
D:1:      dpeg_arrival_rooms_a, layout_rooms
D:2:      layout_loops_ring, basic_altar, minmay_misc_feat_iff, chequers_garden
D:3:      cheibrodos_pilgrimage, layout_rooms,
          chequers_temple_overflow_statue_of_worship,
          shapermc_ecumenical_altar_mp_highgroup, serial_shops, shop,
          uniq_crazy_yiuf_cottage, uniq_jessica, uniq_sigmund
D:4:      layout_loops_corners, amcnicky_altar_gilded,
          ebering_ghost_reflecting_pool
D:5:      minmay_general_purpose_star, layout_basic, grunt_ministairs_13,
          lightli_corner_chamber, uniq_blork_the_orc, uniq_menkaure,
          uniq_eustachio

Skill      XL: |  1  2  3  4  5  6  7  8 |
---------------+-------------------------+-----
Stealth        | 3 4 |  4.2
Fire Magic     | 4 5 6 |  6.5
Spellcasting   | 3 4 |  4.4
Conjurations   | 2 3 4 |  4.9
Fighting       | 1 |  1.3
Staves         | 1 |  1.0
Throwing       | 1 |  1.0
Dodging        | |  2.4

Action                   |  1- 3 |  4- 6 |  7- 9 || total
-------------------------+-------+-------+-------++-------
Melee: Staff             |     4 |       |    11 ||    15
       Constrict         |     1 |       |     4 ||     5
       Tentacles         |       |       |     2 ||     2
Throw: Dart              |       |     4 |     4 ||     8
 Cast: Foxfire           |    74 |    57 |    82 ||   213
       Conjure Flame     |       |     2 |     5 ||     7
       Sticky Flame      |       |       |     3 ||     3
  Use: Scroll            |     1 |       |     8 ||     9
       Potion            |       |       |     3 ||     3
 Stab: Sleeping          |     1 |       |       ||     1
Armor: Skin              |     4 |       |     4 ||     8
Dodge: Dodged            |    16 |     6 |    32 ||    54

Table legend: (Time is in decaauts)
 A = Elapsed time spent in this place.
 B = Non-inter-level travel time spent in this place.
 C = Inter-level travel time spent in this place.
 D = Time resting spent in this place.
 E = Time spent auto-exploring this place.
 F = Levels seen in this place.
 G = Mean time per level.
                   A        B        C        D        E       F      G
               +--------+--------+--------+--------+--------+-----+--------+
         Total |   5672 |   5540 |    132 |    954 |   2934 |   5 | 1134.4 |
       Dungeon |   5672 |   5540 |    132 |    954 |   2934 |   5 | 1134.4 |
               +--------+--------+--------+--------+--------+-----+--------+

Top non-repeatable levels by time:
     D:4: 2132 daAuts
     D:2: 1253 daAuts
     D:3: 1182 daAuts
     D:1: 817 daAuts
     D:5: 285 daAuts
